 Dungeon Crawl Stone Soup version 0.24.0-13-gcf9b3192b9 (webtiles) character file.

Game seed: 4085531600135609246, levelgen mode: deterministic

63 Matador8 the Firebug (level 3, -5/26 HPs)
             Began as a Draconian Fire Elementalist on Nov 10, 2019.
             Killed by divine providence
             ... invoked by an orc priest
              (14 damage)
             ... on level 2 of the Dungeon.
             The game lasted 00:05:32 (1571 turns).

Matador8 the Firebug (Draconian Fire Elementalist)  Turns: 1571, Time: 00:05:33

Health: -5/26      AC:  5    Str: 15    XL:     3   Next: 87%
Magic:  7/7        EV: 12    Int: 16    God:
Gold:   6          SH:  0    Dex: 11    Spells: 6/7 levels left

rFire    . . .     SeeInvis .   d - +1 dagger (venom)
rCold    . . .     Gourm    .   (no shield)
rNeg     . . .     Faith    .   (armour unavailable)
rPois    .         Spirit   .   (helmet restricted)
rElec    .         Reflect  .   (no cloak)
rCorr    .         Harm     .   (no gloves)
MR       .....                  (no boots)
Stlth    ++........             (no amulet)
HPRegen  0.08/turn              (no ring)
MPRegen  0.10/turn              (no ring)

@: mighty, lethally poisoned (-5 -> -7)
A: unfitting armour, cold-blooded, AC +5
a: no special abilities


You were on level 2 of the Dungeon.
You were not hungry.

You visited 1 branch of the dungeon, and saw 2 of its levels.

You collected 6 gold pieces.

Inventory:

Hand Weapons
 d - a +1 dagger of venom (weapon)
Missiles
 c - 8 javelins (quivered)
Jewellery
 e - an uncursed ring of protection from fire {unknown}
Scrolls
 a - 2 scrolls of amnesia {unknown}
 f - a scroll of teleportation {unknown}
 i - a scroll of immolation {unknown}
Comestibles
 b - 3 rations
 h - 2 chunks of flesh


   Skills:
 - Level 1.7 Dodging
 - Level 1.7 Stealth
 + Level 2.8 Spellcasting
 + Level 2.2 Conjurations
 + Level 3.6 Fire Magic


You had 6 spell levels left.
You knew the following spells:

 Your Spells              Type           Power        Failure   Level  Hunger
a - Flame Tongue          Conj/Fire      ##...        5%          1    #......

Your spell library contained the following spells:

 Spells                   Type           Power        Failure   Level  Hunger
 Throw Flame              Conj/Fire      ##....       9%          2    ##.....
 Conjure Flame            Conj/Fire      ##......     17%         3    ###....
 Inner Flame              Hex/Fire       #.......     26%         3    ###....
 Sticky Flame             Conj/Fire      ##......     50%         4    #####..
 Fireball                 Conj/Fire      ##........   83%         5    ######.


Dungeon Overview and Level Annotations

Branches:
Dungeon (2/15)

Altars:

Annotations:
D:2 Robin


Innate Abilities, Weirdness & Mutations

Your plain brown scales are hard. (AC +5)
You cannot fit into any form of body armour.
You are cold-blooded and may be slowed by cold attacks.


Message History

The adder bites you but does no damage.
It was a potion of might.
You feel very mighty all of a sudden.
You feel sick. The adder barely misses you.
The orc priest casts a cantrip, but nothing happens.
The adder misses you.
You miss the adder. You tail-slap the adder!
The adder is severely wounded.
The orc priest looks encouraged for a moment.
The adder barely misses you.
You miss the adder.
The adder is severely wounded.
You feel sick. The adder bites you but does no damage.
You miss the adder.
The adder is severely wounded.
The adder bites you.
The orc priest mumbles some strange prayers to Beogh against you.
Beogh smites you!
Ouch! That really hurt!
You die...

#......###)#..# #.......g...#
#..########## ##.# ##### #####
#.# #...# #.... #######.###
#...########.... ..##......#
######.........##....
..##.##.#.###..............##...#
........#.......@S.o............#
..##.#..#.###..............##...#
..##.#(.#)########......^..##.###
####.#.......# #...########)#
..........##.# #...# #..
.#......#>##.# #...## #..
...##.....##.# #....# #### .##
#.#.####.# ####.####### .
#.#.####.#### #....[..#


You could see an orc priest and an adder.

Vanquished Creatures
  An ooze (D:1)
  A worm (D:2)
  2 leopard geckos (D:1)
  4 orcs (D:2)
  4 giant cockroaches (D:1)
  8 goblins
  8 hobgoblins
  3 bats (D:1)
  5 frilled lizards
  4 kobolds
  5 rats
45 creatures vanquished.

Notes
Turn   | Place    | Note
-------+----------+-------------------------------------------
     0 | D:1      | Matador8 the Draconian Fire Elementalist began the quest
                  | for the Orb.
     0 | D:1      | Reached XP level 1. HP: 14/14 MP: 3/3
   234 | D:1      | Reached XP level 2. HP: 20/20 MP: 3/5
   783 | D:1      | Reached XP level 3. HP: 26/26 MP: 1/6
  1361 | D:2      | Identified the +1 helmet "Porr" {Stlth+}
  1361 | D:2      | Noticed Robin
  1571 | D:2      | Killed from afar by an orc priest

Levels and vault maps discovered:
D:1:      lightli_arrival_statue_moat, layout_loops_cross
D:2:      layout_loops_cross, minmay_increasing_density, uniq_natasha,
          uniq_robin

Skill      XL: |  1  2  3 |
---------------+----------+-----
Conjurations   | 2 |  2.2
Dodging        | |  1.7
Stealth        | |  1.7
Spellcasting   | |  2.8
Fire Magic     | |  3.6

Action                   || total
-------------------------++-------
Melee: Unarmed           ||     2
       Tailslap          ||     2
       Dagger            ||     9
 Cast: Flame Tongue      ||    74
  Use: Potion            ||     1
 Stab: Sleeping          ||     1
  Eat: Chunk             ||     3
Armor: Skin              ||     5
Dodge: Dodged            ||    18
